 Dungeon Crawl Stone Soup version 0.27-a0-920-gb2bd10914a (webtiles) character file.

Game seed: 2398556269317667180

1840 heikuro the Chopper (level 9, -1/71 HPs)
             Began as a Formicid Abyssal Knight on Apr 7, 2021.
             Was a Priest of Lugonu.
             Slain by a steam dragon (4 damage)
             ... on level 6 of the Dungeon on Apr 9, 2021.
             The game lasted 00:26:07 (11516 turns).

heikuro the Chopper (Formicid Abyssal Knight)      Turns: 11516, Time: 00:26:08

Health: -1/71      AC: 15    Str: 20    XL:     9   Next: 33%
Magic:  13/13      EV:  2    Int: 12    God:    Lugonu [***...]
Gold:   386        SH:  0    Dex: -11 (10)Spells: 8/8 levels left

rFire    . . .     SeeInvis +   t - +0 battleaxe
rCold    + . .     Faith    .   (no shield)
rNeg     . . .     Spirit   .   d - +0 plate armour
rPois    .         Reflect  .   (helmet unavailable)
rElec    .         Harm     .   h - +0 cloak
rCorr    .         Rampage  .   (no gloves)
Will     .....                  a - +0 pair of boots
Stlth    ..........             (no amulet)
HPRegen  0.21/turn              D - ring of protection from cold
MPRegen  0.13/turn              (no ring)

@: slowed, lost dexterity, very slow
A: permanent stasis, dig shafts and tunnels, antennae 3, four strong arms
a: Dig, Shaft Self, Renounce Religion, Depart the Abyss, Bend Space, Banish


You were on level 6 of the Dungeon.
You worshipped Lugonu.
Lugonu was most pleased with you.
You visited 2 branches of the dungeon, and saw 7 of its levels.
You visited the Abyss 1 time.
You also visited: Sewer.

You collected 386 gold pieces.

Inventory:

Hand Weapons
 g - a +0 hunting sling
 t - a +0 battleaxe (weapon)
 v - a +2 dagger of venom
Missiles
 r - 46 poisoned darts (quivered)
 x - 28 sling bullets
Armour
 a - a +0 pair of boots (worn)
 d - a +0 plate armour (worn)
 h - a +0 cloak (worn)
Magical Staves
 k - a staff of poison
Jewellery
 n - a ring of flight
 s - an amulet of magic regeneration
 D - a ring of protection from cold (left hand)
Wands
 z - a wand of digging (5)
Scrolls
 c - 2 scrolls of fear
 j - a scroll of amnesia {unknown}
 o - a scroll of brand weapon {unknown}
 p - a scroll of magic mapping {unknown}
 u - a scroll of immolation {unknown}
 w - a scroll of fog {unknown}
 y - a scroll of silence
 F - a scroll of acquirement {unknown}
Potions
 b - a potion of attraction
 e - 4 potions of curing
 i - 2 potions of magic
 l - 5 potions of heal wounds
 m - a potion of resistance
 A - a potion of might
 B - a potion of lignification
 C - a potion of brilliance
 E - a potion of mutation {unknown}


   Skills:
 + Level 6.5 Fighting
 * Level 7.5 Axes
 + Level 6.0 Armour
 - Level 1.0 Dodging
 + Level 6.5 Invocations


You had 8 spell levels left.
You didn't know any spells.
Your spell library contained the following spells:

 Spells                   Type           Power      Damage    Failure   Level
 Magic Dart               Conj           0%         1d3       100%        1
 Call Imp                 Summ           0%         N/A       100%        2
 Slow                     Hex            0%         N/A       100%        2
 Confusing Touch          Hex            0%         N/A       100%        3
 Conjure Flame            Conj/Fire      0%         6-21      100%        3
 Gell's Gravitas          Tloc           0%         N/A       100%        3
 Mephitic Cloud           Conj/Pois/Air  0%         N/A       100%        3
 Petrify                  Tmut/Erth      0%         N/A       100%        4
 Metabolic Englaciation   Hex/Ice        0%         N/A       100%        5
 Yara's Violent Unravell  Hex/Tmut       0%         3d3       100%        5
 Blink                    Tloc           Unusable   N/A       N/A         2

Dungeon Overview and Level Annotations

Branches:
Dungeon (6/15)             Temple (1/1) D:4           Sewer (visited)

Altars:
Ashenzari
Dithmenos
Elyvilon
Gozag
Kikubaaqudgha
Makhleb
Nemelex Xobeh
Okawaru
Qazlal
Ru
Sif Muna
Trog
Vehumet
Wu Jian
Xom
Zin
The Shining One


Innate Abilities, Weirdness & Mutations

You cannot be hasted, slowed, berserked, paralysed or teleported.
You can dig through walls and to a lower floor.
You have a pair of large antennae on your head. (SInv)
Your four strong arms can wield two-handed weapons with a shield.


Message History

The steam dragon bites you but does no damage.
The steam dragon claws you but does no damage.
You slash the steam dragon!
The steam dragon is severely wounded.
You are engulfed in a cloud of scalding steam.
The steam dragon bites you but does no damage.
The steam dragon claws you but does no damage.
The steam dragon bites you! The steam dragon barely misses you.
You closely miss the steam dragon.
The steam dragon is severely wounded.
The steam dragon bites you but does no damage.
The steam dragon claws you but does no damage.
The steam dragon bites you but does no damage.
The steam dragon claws you.
Your plate armour prevents you from hitting the steam dragon.
The steam dragon is heavily wounded.
The steam dragon breathes steam at you. The ball of steam hits you!!
The steam dragon bites you.
The steam dragon claws you but does no damage.
You barely miss the steam dragon.
The steam dragon is heavily wounded.
The steam dragon bites you but does no damage.
The steam dragon claws you but does no damage.
The steam dragon bites you but does no damage.
The steam dragon claws you but does no damage.
You are too injured to fight recklessly!
You closely miss the steam dragon.
The steam dragon is heavily wounded.
The steam dragon bites you but does no damage.
The steam dragon claws you.
* * * LOW HITPOINT WARNING * * *
The steam dragon bites you but does no damage.
The steam dragon claws you but does no damage.
The steam dragon breathes steam at you. The ball of steam hits you!
* * * LOW HITPOINT WARNING * * *
Unknown command.
The steam dragon bites you but does no damage.
The steam dragon claws you.
You die...

####.# ##.## #..... #....#
#..### #...). #....##
##...# ####### #.....#
###.#####...... #...#.#
#...#...##### #.>...#
#.....###
#.....#######.###.#
#........§....##..#
#......§@§.......##
##......D.####....#
*#######...###..##.((##..#
*.........## #..#..∩..#..#
*.........# #..##...##.##
*...>.....# #...#####..#
*.<.......# #..........##
*.........# ##.######...##
*.........# #.### ##...##


You could see a steam dragon.

Vanquished Creatures
  Eustachio (D:5)
  A water moccasin (D:5)
  An orc warrior (D:5)
  Duvessa (D:5)
  An ice beast (D:6)
  A sky beast (D:6)
  A necrophage (D:5)
  Blork the orc (D:4)
  2 scorpions (D:5)
  Dowan (D:5)
  A wyvern skeleton (D:5)
  A water moccasin skeleton (D:5)
  3 quasits (D:6)
  3 orc priests (D:6)
  A gnoll shaman (D:6)
  4 hounds
  A bullfrog skeleton (D:5)
  5 iguanas
  A hound zombie (D:5)
  5 gnolls (D:6)
  9 adders
  A shadow imp (D:5)
  An ufetubus (D:5)
  An adder skeleton (D:4)
  5 worms
  3 dart slugs
  15 orcs
  12 ball pythons
  3 bats
  7 endoplasms
  6 giant cockroaches
  7 goblins
  8 hobgoblins
  13 jackals
  4 quokkas
  7 frilled lizards
  12 kobolds
  9 rats
159 creatures vanquished.

Vanquished Creatures (others)
  19 plants (Sewer)
19 creatures vanquished.

Grand Total: 178 creatures vanquished

Notes
Turn   | Place    | Note
-------+----------+-------------------------------------------
     0 | Abyss:1  | heikuro the Formicid Abyssal Knight began the quest for the
                  | Orb.
     0 | Abyss:1  | Reached XP level 1. HP: 18/18 MP: 2/2
    79 | Abyss:1  | Noticed a fire bat
    81 | D:1      | Escaped the Abyss
   164 | D:1      | Reached skill level 1 in Dodging
   260 | D:1      | Reached XP level 2. HP: 23/24 MP: 3/3
   276 | D:1      | Reached * piety under Lugonu
   636 | D:1      | Reached XP level 3. HP: 22/29 MP: 4/4
  1730 | D:2      | Reached XP level 4. HP: 20/37 MP: 6/6
  1969 | D:2      | Reached skill level 3 in Axes
  2289 | D:2      | Reached ** piety under Lugonu
  2935 | D:3      | Reached XP level 5. HP: 4/42 MP: 7/7
  3265 | D:3      | Found a glowing drain.
  3283 | Sewer    | Entered a sewer
  4362 | D:3      | Upgraded the game from 0.27-a0-906-g0a00ce863d to
                  | 0.27-a0-920-gb2bd10914a
  4876 | D:3      | Found a faded altar of an unknown god.
  5475 | D:4      | Found a shadowy altar of Dithmenos.
  5482 | D:4      | Found a bloodstained altar of Trog.
  5490 | D:4      | Found an ornate altar of the Wu Jian Council.
  5625 | D:4      | Reached XP level 6. HP: 34/48 MP: 8/8
  5815 | D:4      | Reached skill level 4 in Axes
  5988 | D:4      | Found a staircase to the Ecumenical Temple.
  6033 | D:4      | Noticed Blork the orc
  6047 | D:4      | Killed Blork the orc
  6472 | Temple   | Entered the Ecumenical Temple
  6556 | D:5      | Entered Level 5 of the Dungeon
  6566 | D:5      | Reached XP level 7. HP: 35/55 MP: 8/10
  6817 | D:5      | Reached skill level 5 in Axes
  6916 | D:5      | Reached skill level 5 in Fighting
  7340 | D:5      | Noticed Duvessa
  7354 | D:5      | Killed Duvessa
  7355 | D:5      | Reached XP level 8. HP: 24/62 MP: 11/11
  7602 | D:5      | Reached *** piety under Lugonu
  7694 | D:5      | Noticed Dowan
  7706 | D:5      | Reached skill level 5 in Invocations
  7818 | D:5      | Noticed Eustachio
  7851 | D:5      | HP: 2/62 [ufetubus[Eustachio] (4)]
  8998 | D:5      | Killed Eustachio
  8999 | D:5      | Reached skill level 6 in Axes
  9033 | D:5      | Reached skill level 5 in Armour
  9480 | D:5      | Killed Dowan
  9894 | D:6      | Reached XP level 9. HP: 55/69 MP: 13/13
 10015 | D:6      | Reached skill level 7 in Axes
 10162 | D:6      | Lost dexterity.
 11513 | D:6      | HP: 2/71 [steam dragon/ball of steam (17)]
 11516 | D:6      | Slain by a steam dragon

Illustrated notes

Levels and vault maps discovered:
D:1:      mrwooster_arrival_statue_3, layout_loops_ring
D:2:      cheibrodos_greedy_goblins, layout_basic
D:3:      layout_loops_ring, ebering_ecumenical_altar_rust, portal_sewer_entry_c
D:4:      layout_loops_cross, grunt_temple_overflow_diamond,
          minmay_temple_entry_hall, uniq_blork_the_orc
D:5:      layout_cave_pools, uniq_eustachio, uniq_duvessa
D:6:      cheibrodos_quashed, layout_rooms, item_on_display_a
Temple:   eino_temple_lava

Skill      XL: |  1  2  3  4  5  6  7  8  9 |
---------------+----------------------------+-----
Dodging        | 1 |  1.0
Axes           | 3 4 5 6 7 |  7.5
Invocations    | 3 4 6 |  6.5
Armour         | 3 4 5 6 |  6.0
Fighting       | 4 5 6 |  6.5

Action                   |  1- 3 |  4- 6 |  7- 9 || total
-------------------------+-------+-------+-------++-------
Melee: Hand axe          |    64 |   196 |       ||   260
       Staff             |    25 |       |       ||    25
       Battleaxe         |       |    69 |   360 ||   429
Throw: Dart              |       |    17 |    55 ||    72
Invok: Depart the Abyss  |     1 |       |       ||     1
       Bend Space        |       |       |    32 ||    32
 Abil: Dig               |       |     1 |     4 ||     5
  Use: Scroll            |       |     3 |     3 ||     6
       Potion            |       |       |     6 ||     6
 Stab: Sleeping          |       |     1 |       ||     1
Armor: Leather armour    |    24 |    55 |       ||    79
       Ring mail         |       |    49 |    91 ||   140
       Plate armour      |       |       |   769 ||   769
       Skin              |       |       |    40 ||    40
Dodge: Dodged            |    46 |   150 |   251 ||   447

Table legend: (Time is in decaauts)
 A = Elapsed time spent in this place.
 B = Non-inter-level travel time spent in this place.
 C = Inter-level travel time spent in this place.
 D = Time resting spent in this place.
 E = Time spent auto-exploring this place.
 F = Levels seen in this place.
 G = Mean time per level.
                   A        B        C        D        E       F      G
               +--------+--------+--------+--------+--------+-----+--------+
         Total |  12595 |  12201 |    394 |   5188 |   3754 |   9 | 1399.4 |
       Dungeon |  11205 |  10820 |    385 |   4850 |   3158 |   6 | 1867.5 |
        Temple |     64 |     55 |      9 |      0 |     54 |   1 |   64.0 |
         Abyss |     81 |     81 |      0 |      0 |      0 |   1 |   81.0 |
         Sewer |   1243 |   1243 |      0 |    338 |    541 |   1 | 1243.0 |
               +--------+--------+--------+--------+--------+-----+--------+

Top non-repeatable levels by time:
     D:4: 2652 daAuts
     D:6: 2234 daAuts
     D:5: 1988 daAuts
     D:2: 1586 daAuts
     D:1: 1525 daAuts
   Sewer: 1243 daAuts
     D:3: 1219 daAuts
 Abyss:1: 81 daAuts
  Temple: 64 daAuts
